 Dungeon Crawl Stone Soup version 0.22.0-36-g8e74550 (webtiles) character file.

2156 iamserjio the Grappler (level 9, 120/120 HPs)
             Began as a Troll Fighter on Aug 24, 2018.
             Quit the game on level 6 of the Dungeon.
             The game lasted 00:14:23 (2656 turns).

iamserjio the Grappler (Troll Fighter)              Turns: 2656, Time: 00:14:24

Health: 120/120    AC: 27    Str: 24 (26) XL:     9   Next: 10%
Magic:  8/8        EV:  1    Int:  4 (7)  God:
Gold:   81         SH: 17    Dex:  6 (9)  Spells: 8/8 levels left

rFire    . . .     SeeInvis .     - Unarmed
rCold    . . .     Gourm    +   y - +2 large shield {AC+3}
rNeg     + + +     Faith    .   (armour currently unavailable)
rPois    +         Spirit   .   (helmet currently unavailable)
rElec    .         Reflect  .   (cloak currently unavailable)
rCorr    .         Harm     .   (gloves unavailable)
MR       .....     Clarity  +   (boots unavailable) Stlth +.........NoTele +
                                (no amulet)
HPRegen  0.70/turn              (no ring)
MPRegen  0.11/turn              (no ring)

@: tree-form, berserk cooldown, very slightly contaminated, slowed, very slow
A: large, unfitting armour, clarity, fast metabolism 3, gourmand, regeneration 1
a: no special abilities


You were on level 6 of the Dungeon.
You were hungry.
You were a tree.
You visited 1 branch of the dungeon, and saw 7 of its levels.

You collected 457 gold pieces.
You spent 376 gold pieces at shops.

Inventory:

Missiles
 k - 8 poisoned tomahawks (quivered)
Armour
 a - a +0 robe (melded)
 b - a +0 shield
 g - a +0 cloak (melded)
 y - a +2 large shield of protection (worn)
Jewellery
 m - a cursed -4 ring of strength {unknown}
 v - a +1 ring of evasion
Wands
 i - a wand of flame (15)
 j - a wand of disintegration (15)
 s - a wand of iceblast (13)
Scrolls
 e - a scroll of noise
 f - 4 scrolls of identify {@r1}
 h - 2 scrolls of random uselessness
 n - a scroll of enchant armour
 p - 3 scrolls of teleportation
 q - 4 scrolls of remove curse {@r2}
Potions
 c - a potion of might
 r - a potion of brilliance
 z - a potion of agility
Comestibles
 d - 12 rations


   Skills:
 - Level 2.4 Fighting
 - Level 2.4 Dodging
 + Level 6.3 Shields
 * Level 10.0 Unarmed Combat


You had 8 spell levels left.
You didn't know any spells.
Your spell library was empty.

Dungeon Overview and Level Annotations

Branches:
Dungeon (7/15)             Temple (0/1) D:6

Altars:
Ashenzari
Okawaru
Qazlal
Vehumet
Zin

Shops:
D:4 *%[   D:5 (:==

Annotations:
D:7 exclusion: ice statue


Innate Abilities, Weirdness & Mutations

You are too large for most types of armour.
((You have claws for hands.))
Your metabolism is lightning-fast.
You like to eat raw meat.
Your natural rate of healing is unusually fast.
((You are covered in fur. (AC +1)))
((You have very tough skin. (AC +2)))
((You have a pair of small horns on your head.))
((You have sharp toenails.))
You possess an exceptional clarity of mind.


Message History

It was a potion of lignification.
You turn into a tree.
Your +0 cloak melds into your body.
Your +0 robe melds into your body.
Your roots penetrate the ground.
It was a potion of berserk rage.
A red film seems to cover your vision as you go berserk!
You feel yourself moving faster!
You feel mighty!
You are too berserk!
You cannot move.
You start waiting.
You feel a strong urge to attack something.
You start waiting.
You feel your anger nearly subside.
You start waiting.
You are no longer berserk.
You are exhausted.
You feel yourself slow down.
It was a potion of mutation.
You feel extremely strange. A pair of horns grows on your head!
Your thoughts seem clearer.
Your toenails lengthen and sharpen.
Are you sure you want to abandon this character and quit the game? (Confirm with "yes".)

#.# #.#.#### #.#
#>...... #.# #.#.####
##########.###.#.# #
#................# #
#................# #
#................# #
#..lh............# #
#..Z♣............####
#...F.....<..........
#...............####.
#....................
#..........##########
#..........# #
############ # # ##


You could see a friendly bullfrog, a friendly howler monkey, a friendly leopard
gecko and a friendly wyvern skeleton.

Vanquished Creatures
  Grinder (D:5)
  An orc warrior (D:7)
  2 sky beasts
  An ice beast (D:7)
  A necrophage (D:7)
  2 ogres
  A centaur (D:5)
  A bullfrog (D:6)
  A scorpion (D:6)
  A howler monkey (D:5)
  3 crimson imps
  2 centaur zombies
  A quasit (D:6)
  A bullfrog zombie (D:5)
  3 hounds (D:7)
  2 orc priests
  2 jellies
  An orc wizard (D:5)
  A centaur skeleton (D:5)
  Crazy Yiuf (D:3)
  A gnoll shaman (D:5)
  Ijyb (D:3)
  4 iguanas
  6 worker ants
  A hound zombie (D:6)
  10 gnolls
  8 adders
  A shadow imp (D:2)
  An adder zombie (D:5)
  2 oozes
  2 worms
  3 leopard geckos
  11 orcs
  5 ball pythons
  3 giant cockroaches
  4 goblins
  4 hobgoblins
  9 jackals
  2 quokkas (D:3)
  2 bats
  A jackal zombie (D:5)
  A kobold (D:3)
  A leopard gecko zombie (D:7)
  3 rats
115 creatures vanquished.

Vanquished Creatures (others)
  9 toadstools (D:2)
9 creatures vanquished.

Grand Total: 124 creatures vanquished

Notes
Turn   | Place    | Note
-------+----------+-------------------------------------------
     0 | D:1      | iamserjio the Troll Fighter began the quest for the Orb.
     0 | D:1      | Reached XP level 1. HP: 22/22 MP: 0/0
    29 | D:2      | Reached XP level 2. HP: 26/29 MP: 1/1
   102 | D:2      | Reached skill level 3 in Unarmed Combat
   118 | D:2      | Reached XP level 3. HP: 21/36 MP: 2/2
   259 | D:3      | Found a runed door.
   263 | D:3      | Noticed Crazy Yiuf
   267 | D:3      | Killed Crazy Yiuf
   267 | D:3      | Reached XP level 4. HP: 33/44 MP: 3/3
   379 | D:3      | Reached skill level 4 in Unarmed Combat
   391 | D:3      | Noticed Ijyb
   415 | D:3      | Killed Ijyb
   415 | D:3      | Reached XP level 5. HP: 33/50 MP: 4/4
   465 | D:4      | Found Quvvapae's General Store.
   469 | D:4      | Bought a scroll of magic mapping for 42 gold pieces
   555 | D:4      | Found a glowing silver altar of Zin.
   570 | D:4      | Reached skill level 5 in Unarmed Combat
   572 | D:4      | Noticed an ogre
   576 | D:4      | Killed an ogre
   576 | D:4      | Reached XP level 6. HP: 38/59 MP: 5/5
   603 | D:5      | Entered Level 5 of the Dungeon
   645 | D:4      | You fall through a shaft!
   682 | D:5      | Found Dampef's Book Shop.
   684 | D:5      | Found Omamyone's Antique Weapon Emporium.
   697 | D:5      | Noticed Grinder
   724 | D:5      | Reached skill level 6 in Unarmed Combat
   742 | D:5      | Paralysed by Grinder for 4 turns
   755 | D:5      | Killed Grinder
   755 | D:5      | Reached XP level 7. HP: 19/66 MP: 6/6
   788 | D:5      | Reached skill level 7 in Unarmed Combat
   884 | D:6      | Reached skill level 5 in Shields
   914 | D:6      | Reached XP level 8. HP: 74/74 MP: 7/7
   918 | D:6      | Found a radiant altar of Vehumet.
   954 | D:6      | Reached skill level 8 in Unarmed Combat
  1195 | D:7      | Reached skill level 9 in Unarmed Combat
  1266 | D:7      | Found an iron altar of Okawaru.
  1374 | D:7      | Noticed an ice statue
  1477 | D:7      | Reached XP level 9. HP: 80/80 MP: 8/8
  1499 | D:7      | Found a shattered altar of Ashenzari.
  1500 | D:7      | Found a stormy altar of Qazlal.
  1685 | D:4      | Found Dohor's Food Shoppe.
  1855 | D:4      | Bought a potion of agility for 48 gold pieces
  1855 | D:4      | Bought a scroll of teleportation for 36 gold pieces
  1855 | D:4      | Bought a scroll of remove curse for 36 gold pieces
  1909 | D:5      | Found Miputs's Jewellery Emporium.
  1914 | D:5      | Reached skill level 10 in Unarmed Combat
  1969 | D:5      | Found Zeureul's Jewellery Emporium.
  2249 | D:4      | Found Jowuol's Armour Shoppe.
  2257 | D:4      | Bought a +1 large shield of protection for 214 gold pieces
  2565 | D:6      | Found a staircase to the Ecumenical Temple.
  2655 | D:6      | Gained mutation: You have a pair of small horns on your head. [potion of mutation]
  2655 | D:6      | Gained mutation: You possess an exceptional clarity of mind. [potion of mutation]
  2655 | D:6      | Gained mutation: You have sharp toenails. [potion of mutation]
  2656 | D:6      | Quit the game

Skill      XL: |  1  2  3  4  5  6  7  8  9 |
---------------+----------------------------+-----
Unarmed Combat | 3 4 5 6 7 9 10 | 10.0
Shields        | 3 4 5 6 |  6.3
Fighting       | |  2.4
Dodging        | |  2.4

Action                   |  1- 3 |  4- 6 |  7- 9 || total
-------------------------+-------+-------+-------++-------
Melee: Unarmed           |    52 |   140 |   201 ||   393
  Use: Potion            |       |     1 |     6 ||     7
       Scroll            |       |     1 |     8 ||     9
  Eat: Chunk             |     1 |     7 |    10 ||    18
       Ration            |       |       |     1 ||     1
Armor: Robe              |    12 |    42 |    57 ||   111
Dodge: Dodged            |    18 |    34 |    52 ||   104
Block: Shield            |    14 |    70 |    81 ||   165
